 Dungeon Crawl Stone Soup version 0.29.1-1-gd02db6906a (webtiles) character file.

Game seed: 9889668037893090765

1060 Aibolit the Vexing (level 8, -1/40 HPs)
             Began as a Spriggan Arcane Marksman on Oct 7, 2022.
             Slain by a gnoll
             ... wielding a +2 flail of protection
              (10 damage)
             ... on level 5 of the Dungeon.
             The game lasted 00:12:52 (4580 turns).

Aibolit the Vexing (Spriggan Arcane Marksman)       Turns: 4580, Time: 00:12:53

Health: -1/40      AC:  2    Str:  6    XL:     8   Next: 6%
Magic:  15/15      EV: 20    Int: 15    God:
Gold:   323        SH:  0    Dex: 17    Spells: 12/16 levels left

rFire   + . .      SeeInvis +   a - +1 sling
rCold   . . .      Faith    .   (no shield)
rNeg    . . .      Spirit   .   c - +0 robe
rPois   .          Reflect  .   (helmet restricted)
rElec   .          Harm     .   (no cloak)
rCorr   +          Rampage  .   (gloves unavailable)
Will    +....                   (boots unavailable)
Stlth   +.........              d - amulet of regeneration
HPRegen 0.93/turn               j - ring of resist corrosion
MPRegen 0.14/turn               i - ring of protection from fire

@: silenced, marked, very quick
A: very small, no large weapons, unfitting armour, see invisible, speed 3
a: no special abilities


You were on level 5 of the Dungeon.
You visited 1 branch of the dungeon, and saw 5 of its levels.

You collected 323 gold pieces.

Inventory:

Hand Weapons
 a - a +1 sling (weapon)
Armour
 c - a +0 robe (worn)
Jewellery
 d - an amulet of regeneration (around neck)
 i - a ring of protection from fire (right hand)
 j - a ring of resist corrosion (left hand)
 n - an amulet of faith
 o - a ring of positive energy
 p - a +6 ring of strength
 q - an amulet of reflection
Scrolls
 b - a scroll of poison
 e - 2 scrolls of fog
 s - 3 scrolls of identify
 u - a scroll of magic mapping {unknown}
Potions
 f - 2 potions of berserk rage
 g - a potion of lignification {unknown}
 h - 2 potions of flight
 k - 3 potions of mutation
 l - a potion of curing {unknown}
 m - a potion of heal wounds {unknown}
 r - 2 potions of degeneration {unknown}
 v - a potion of resistance {unknown}


   Skills:
 + Level 3.2 Fighting
 + Level 4.4 Ranged Weapons
 + Level 5.7 Dodging
 + Level 4.6 Spellcasting
 + Level 5.9 Hexes
 + Level 4.4 Translocations


You had 12 spell levels left.
You knew the following spells:

 Your Spells              Type           Power      Damage    Failure   Level
a - Slow                  Hex            84%        N/A       1%          1
b - Portal Projectile     Hex/Tloc       38%        N/A       6%          3

Your spell library contained the following spells:

 Spells                   Type           Power      Damage    Failure   Level
 Tukima's Dance           Hex            21%        N/A       4%          3
 Gell's Gravitas          Tloc           16%        N/A       9%          3
 Lesser Beckoning         Tloc           16%        N/A       9%          3
 Teleport Other           Tloc           16%        N/A       9%          3
 Cause Fear               Hex            10%        N/A       14%         4
 Inner Flame              Hex/Fire       12%        N/A       16%         3
 Magic Dart               Conj           12%        1d3       17%         1
 Call Imp                 Summ           3%         N/A       26%         2
 Static Discharge         Conj/Air       3%         3-4/arc   26%         2
 Mephitic Cloud           Conj/Pois/Air  3%         N/A       45%         3
 Blade Hands              Tmut           1%         N/A       99%         5
 Lightning Bolt           Conj/Air       1%         1d12      99%         5
 Maxwell's Capacitive Co  Air            1%         ∞         100%        8


Dungeon Overview and Level Annotations

Branches:
Dungeon (5/15)
 Temple: D:4-7

Altars:
Elyvilon


Innate Abilities, Weirdness & Mutations

You are very small and have problems with some larger weapons.
You are too small for most types of armour.
You have supernaturally acute eyesight. (SInv)
You cover ground extremely quickly. (Speed+++)


Message History

The gnoll closely misses you.
Fire: a) +1 sling
Press: ? - help, Q - select action, (/) - cycle Shift-Dir - straight line, f - gnoll, p - gnoll
Aim: a gnoll, wielding a +0 whip (silenced, 65% to hit)
You shoot a sling bullet.
The sling bullet hits the gnoll but does no damage.
The gnoll struggles against the net.
The gnoll closely misses you. x2
Fire: a) +1 sling
Press: ? - help, Q - select action, (/) - cycle Shift-Dir - straight line, f/p - gnoll
Aim: a gnoll, wielding a +0 whip (silenced, 65% to hit)
You shoot a sling bullet. The sling bullet hits the gnoll.
The gnoll is moderately wounded.
The gnoll struggles against the net.
The gnoll closely misses you. x2
Fire: a) +1 sling
Press: ? - help, Q - select action, (/) - cycle Shift-Dir - straight line, f/p - gnoll
Aim: a gnoll, wielding a +0 whip (silenced, moderately wounded, 65% to hit)
You shoot a sling bullet.
The sling bullet barely misses the gnoll.
The gnoll gestures.
The gnoll struggles against the net.
The gnoll hits you with a +2 flail of protection!
The gnoll hits you with a +0 whip!
* * * LOW HITPOINT WARNING * * *
Fire: a) +1 sling
Press: ? - help, Q - select action, (/) - cycle Shift-Dir - straight line, f/p - gnoll
Aim: a gnoll, wielding a +0 whip (silenced, moderately wounded, 65% to hit)
You shoot a sling bullet. The sling bullet hits the gnoll.
The gnoll is severely wounded.
The gnoll struggles against the net.
The gnoll misses you. The gnoll closely misses you.
Fire: a) +1 sling
Press: ? - help, Q - select action, (/) - cycle Shift-Dir - straight line, f/p - gnoll
Aim: a gnoll, wielding a +0 whip (silenced, severely wounded, 65% to hit)
You shoot a sling bullet. The sling bullet hits the gnoll.
You kill the gnoll!
The gnoll struggles against the net.
The net rips apart, and the gnoll comes free!
The gnoll misses you. The gnoll completely misses you.
The gnoll hits you with a +2 flail of protection!
You die...

##### ### ....#
##.#### ###.#
#####.#...# #.#
#.........#
###.####.#.#####.#
.........#.#...#g#
.#..######.'.8.g.#
.#..# ..#...#@#
.#..## ..### #)#
.....## .#.. ..#
.#..... ....# ##.#
....... #.# #.#
...#####
#.#.##.######### ###
....#
#............... ..#
....#
#.#.........### #.#
..#.#
#.#####..#..######.#


You could see 2 gnolls.

Vanquished Creatures
  Pikel (D:4)
  An ogre (D:4)
  4 lemures (D:4)
  A scorpion (D:5)
  2 jellies (D:4)
  Jessica (D:2)
  5 iguanas
  An orc wizard (D:5)
  4 gnolls
  7 adders
  An ufetubus (D:5)
  2 worms (D:2)
  3 dart slugs
  9 orcs
  6 ball pythons
  4 bats
  11 endoplasms
  2 giant cockroaches (D:2)
  9 goblins
  10 hobgoblins
  3 jackals (D:3)
  3 quokkas
  5 frilled lizards
  15 kobolds
  7 rats
117 creatures vanquished.

Vanquished Creatures (others)
  5 fungi (D:4)
  5 plants (D:1)
  8 toadstools (D:4)
18 creatures vanquished.

Grand Total: 135 creatures vanquished

Notes
Turn   | Place    | Note
-------+----------+-------------------------------------------
     0 | D:1      | Aibolit the Spriggan Arcane Marksman began the quest for
                  | the Orb.
     0 | D:1      | Reached XP level 1. HP: 9/9 MP: 3/3
   201 | D:1      | Reached skill level 1 in Fighting
   265 | D:1      | Reached XP level 2. HP: 14/14 MP: 5/5
   338 | D:1      | Found a faded altar of an unknown god.
   570 | D:2      | Found a white marble altar of Elyvilon.
   727 | D:2      | Reached XP level 3. HP: 17/18 MP: 7/7
  1008 | D:2      | Noticed Jessica
  1014 | D:2      | Killed Jessica
  1015 | D:2      | Reached XP level 4. HP: 21/22 MP: 8/8
  1117 | D:2      | Identified the +1 pair of boots "Rier" {+Blink Regen+
                  | Stlth+}
  1420 | D:2      | Learned a level 3 spell: Portal Projectile
  1551 | D:3      | Reached XP level 5. HP: 26/26 MP: 10/10
  1633 | D:3      | Reached skill level 1 in Translocations
  2201 | D:4      | Noticed an ogre
  2410 | D:4      | Killed an ogre
  2411 | D:4      | Reached XP level 6. HP: 30/30 MP: 11/11
  2549 | D:4      | Noticed Pikel
  3336 | D:4      | Reached skill level 5 in Hexes
  3510 | D:4      | Killed Pikel
  3511 | D:4      | Reached skill level 5 in Dodging
  3511 | D:4      | Reached XP level 7. HP: 36/36 MP: 12/14
  3828 | D:5      | Entered Level 5 of the Dungeon
  4175 | D:5      | Reached XP level 8. HP: 40/40 MP: 11/15
  4580 | D:5      | Slain by a gnoll

Illustrated notes

Levels and vault maps discovered:
D:1:      wander_arrival_desolate, layout_rooms,
          shapermc_ecumenical_altar_mp_urbaneastern
D:2:      minmay_thinvault, layout_rooms, basic_altar, uniq_jessica
D:3:      layout_basic
D:4:      cheibrodos_fertilizer, layout_basic, uniq_pikel
D:5:      layout_loops_ring, minmay_misc_feat_room

Skill      XL: |  1  2  3  4  5  6 |
---------------+-------------------+-----
Fighting       | 1 2 3 |  3.2
Dodging        | 3 4 5 |  5.7
Spellcasting   | 2 3 4 |  4.6
Hexes          | 4 5 |  5.9
Ranged Weapons | 3 4 |  4.4
Translocations | 2 4 |  4.4

Action                   |  1- 3 |  4- 6 |  7- 9 || total
-------------------------+-------+-------+-------++-------
 Fire: Sling             |   115 |   318 |    94 ||   527
Throw: Throwing net      |       |       |     1 ||     1
 Cast: Slow              |       |     8 |     2 ||    10
       Portal Projectile |       |       |     5 ||     5
  Use: Scroll            |       |     6 |     1 ||     7
Armor: Robe              |     7 |    12 |     3 ||    22
Dodge: Dodged            |    35 |   153 |    47 ||   235
